 Dungeon Crawl Stone Soup version bcrawl-1.14 (webtiles) character file.

Game seed: 11408795054423044994

148 MisterOstroum the Poker (level 5, -2/45 HPs)
             Began as a Djinni Skald on Sept 7, 2019.
             Slain by an adder (5 damage)
             ... on level 3 of the Dungeon.
             The game lasted 00:04:15 (2688 turns).

MisterOstroum the Poker (Djinni Skald)              Turns: 2688, Time: 00:04:16

Health: -2/45      AC:  3    Str: 13    XL:     5   Next: 8%
Magic:  8/9        EV: 12    Int: 16    God:
Gold:   251        SH:  0    Dex: 11    Spells: 6/10 levels left

rFire    . . .     SeeInvis .   a - +0 spear
rCold    . . .     Gourm    .   (no shield)
rNeg     . . .     Faith    .   b - +0 leather armour
rPois    .         Spirit   .   (no helmet)
rElec    .         Reflect  .   (no cloak)
rCorr    .         Harm     .   (no gloves)
MR       .....     Rnd*Rage +   (boots unavailable)
Stlth    +.........             (no amulet)
HPRegen  0.15/turn              (no ring)
MPRegen  0.11/turn              (no ring)

@: lethally poisoned (-2 -> -3), infused (expiring), flying, hasted, very quick
A: never pass out, berserk 2, blink, blurry vision 2, wild magic 2, MP-powered
wands, floating
a: Blink


You were on level 3 of the Dungeon.
You were not hungry.

You visited 1 branch of the dungeon, and saw 3 of its levels.

You collected 251 gold pieces.

Inventory:

Hand Weapons
 a - a +0 spear (weapon)
 o - a +2 quarterstaff of chaos
Missiles
 g - 663 stones (quivered)
Armour
 b - a +0 leather armour (worn)
 n - a +0 cloak
Scrolls
 c - 3 scrolls of identify {unknown}
 d - a scroll of fear {!r}
 f - a scroll of fog {unknown}
 h - 2 scrolls of teleportation {unknown}
 k - a scroll of enchant weapon {unknown}
 l - a scroll of amnesia {unknown}
Comestibles
 e - 2 rations {!d}
 m - 8 chunks of flesh


   Skills:
 - Level 3.0 Fighting
 - Level 4.0 Polearms
 - Level 0.8 Armour
 - Level 2.0 Dodging
 - Level 3.0 Spellcasting
 + Level 2.6 Hexes
 - Level 3.0 Charms


You had 6 spell levels left.
You knew the following spells:

 Your Spells              Type           Power        Failure   Level  Hunger
a - Infusion              Chrm           ###.....     16%         1    #......
b - Spectral Weapon       Hex/Chrm       ###.....     38%         3    ###....

Your spell library contained the following spells:

 Spells                   Type           Power        Failure   Level  Hunger
 Song of Slaying          Chrm           ###.....     22%         2    ##.....
 Ozocubu's Armour         Chrm/Ice       ##......     54%         3    ###....
 Regeneration             Chrm/Necr      ##........   54%         3    ###....


Dungeon Overview and Level Annotations

Branches:
Dungeon (3/12)

Altars:
Cheibriados


Innate Abilities, Weirdness & Mutations

You never pass out after going berserk.
You often lose your temper in combat.
You can translocate small distances at will.
Scrolls take you longer to read.
Your spells are harder to cast, but more powerful.
You expend magic power (3 MP) to strengthen your wands.
Your body floats in the air.


Message History

You barely miss the adder.
The adder is moderately wounded.
You feel sick.
Your spectral weapon hits the adder from afar!
You kill the adder!
Your Hexes skill increases to level 2!
The hound stops to sniff the water.
Attack whom?
Press: ? - help, Dir - move target cursor, f - hound
Aim: a hound You hit the hound.
The hound is lightly wounded.
Your spectral weapon hits the hound from afar!
The hound bites you.
* * * LOW HITPOINT WARNING * * *
Attack whom?
Press: ? - help, Dir - move target cursor, f/p - hound
Aim: a hound (heavily wounded)
You hit the hound.
The hound is severely wounded.
You feel sick.
Your spectral weapon closely misses the hound.
The hound barely misses you. The hound bites you but does no damage.
Unknown command.
You swap places.
The hound bites your spectral weapon.
Your spectral weapon shares its damage with you!
* * * LOW HITPOINT WARNING * * *
Attack whom?
Press: ? - help, Dir - move target cursor, f/p - hound
Aim: a hound (severely wounded)
You could not reach far enough!
You feel sick.
The hound closely misses your spectral weapon.
Attack whom?
Press: ? - help, Dir - move target cursor, f/p - hound
Aim: a hound (severely wounded)
You could not reach far enough!
The hound misses your spectral weapon.
The hound bites your spectral weapon but does no damage.
Attack whom?
Press: ? - help, Dir - move target cursor, f/p - hound
Aim: a hound (severely wounded)
You could not reach far enough!
The hound bites your spectral weapon.
Your spectral weapon shares its damage with you!
* * * LOW HITPOINT WARNING * * *
Attack whom?
Press: ? - help, Dir - move target cursor, f/p - hound
Aim: a hound (severely wounded)
You reach to attack!
You barely miss the hound.
The hound is severely wounded.
You feel sick.
Your spectral weapon hits the hound.
The hound barely misses your spectral weapon.
The hound bites your spectral weapon but does no damage.
Attack whom?
Press: ? - help, Dir - move target cursor, f/p - hound
Aim: a hound (almost dead)
You could not reach far enough!
The hound bites your spectral weapon.
Your spectral weapon shares its damage with you!
* * * LOW HITPOINT WARNING * * *
Attack whom?
Press: ? - help, Dir - move target cursor, f/p - hound
Aim: a hound (almost dead)
You reach to attack!
You hit the hound!
You kill the hound!
You have reached level 5!
The adder bites your spectral weapon.
Your spectral weapon shares its damage with you!
* * * LOW HITPOINT WARNING * * *
Attack whom?
Press: ? - help, Dir - move target cursor, f - adder
Aim: an adder You reach to attack!
You barely miss the adder.
Your spectral weapon barely misses the adder.
The adder closely misses your spectral weapon.
Attack whom?
Press: ? - help, Dir - move target cursor, f/p - adder
Aim: an adder You reach to attack!
You hit the adder.
The adder is moderately wounded.
You feel sick.
Your spectral weapon hits the adder.
The adder barely misses your spectral weapon.
Attack whom?
Press: ? - help, Dir - move target cursor, f/p - adder
Aim: an adder (heavily wounded)
You could not reach far enough!
The adder bites your spectral weapon.
Your spectral weapon shares its damage with you!
Your spectral weapon fades away.
* * * LOW HITPOINT WARNING * * *
Unknown command.
Okay, then.
It was a potion of magic.
Magic courses through your body. The adder barely misses you.
It was a potion of haste.
You feel yourself speed up. The adder closely misses you.
Attack whom?
Press: ? - help, Dir - move target cursor, f/p - adder
Aim: an adder (heavily wounded)
You hit the adder.
The adder is almost dead.
Your magical infusion is running out.
You feel sick. The adder bites you.
You die...

.# .# .# ##.# ...#
### #.# ##_## ..#
##≈≈≈## ..#
####≈≈≈≈≈##.# ..#
###@Sg≈≈.≈≈...#
..#
###...##≈≈≈≈≈##...
..#
##...####.≈≈≈.#
..# ###..###
##......$ ..#
#...## ##...###
#)#######.###
##### #.).......#
...######## ####


You could see an adder and a goblin.

Vanquished Creatures
  A hound (D:3)
  Crazy Yiuf (D:2)
  An adder (D:3)
  4 worms
  2 dart slugs
  3 leopard geckos
  An orc (D:3)
  A giant cockroach (D:1)
  12 goblins
  7 hobgoblins
  7 jackals
  2 quokkas
  A ball python (D:1)
  4 bats (D:1)
  A frilled lizard (D:1)
  5 kobolds
  A rat (D:1)
54 creatures vanquished.

Vanquished Creatures (others)
  2 spectral weapons
2 creatures vanquished.

Grand Total: 56 creatures vanquished

Notes
Turn   | Place    | Note
-------+----------+-------------------------------------------
     0 | D:1      | MisterOstroum the Djinni Skald began the quest for the Orb.
     0 | D:1      | Reached XP level 1. HP: 17/17 MP: 4/4
     3 | D:1      | Noticed an electric eel
     3 | D:1      | Noticed an electric eel
   224 | D:1      | Reached XP level 2. HP: 11/24 MP: 1/6
   435 | D:1      | Reached skill level 3 in Polearms
  1121 | D:2      | Reached XP level 3. HP: 20/29 MP: 7/7
  1741 | D:2      | Reached skill level 4 in Polearms
  1746 | D:2      | Learned a level 3 spell: Spectral Weapon
  2072 | D:2      | Found a runed door.
  2078 | D:2      | Noticed Crazy Yiuf
  2094 | D:2      | Killed Crazy Yiuf
  2094 | D:2      | Reached skill level 1 in Hexes
  2094 | D:2      | Gained mutation: Your spells are harder to cast, but more
                  | powerful. [Djinni growth]
  2094 | D:2      | Gained mutation: You can translocate small distances at
                  | will. [Djinni growth]
  2094 | D:2      | Reached XP level 4. HP: 7/38 MP: 0/8
  2652 | D:3      | Found a snail-covered altar of Cheibriados.
  2682 | D:3      | Reached XP level 5. HP: 6/45 MP: 2/9
  2688 | D:3      | Slain by an adder

Skill      XL: |  1  2  3  4 |
---------------+-------------+-----
Polearms       | 3 4 |  4.0
Fighting       | 3 |  3.0
Hexes          | 1 2 |  2.6
Armour         | |  0.8
Dodging        | |  2.0
Spellcasting   | |  3.0
Charms         | |  3.0

Action                   |  1- 3 |  4- 6 || total
-------------------------+-------+-------++-------
Melee: Spear             |   165 |    53 ||   218
Throw: Stone             |     4 |       ||     4
 Cast: Infusion          |     6 |     1 ||     7
       Spectral Weapon   |     1 |     1 ||     2
  Use: Potion            |       |     2 ||     2
 Stab: Sleeping          |     2 |       ||     2
  Eat: Chunk             |     4 |     2 ||     6
Armor: Leather armour    |    44 |     5 ||    49
Dodge: Dodged            |    77 |    25 ||   102
